 Dungeon Crawl Stone Soup version 0.25-a0-815-gab441bd002 (webtiles) character file.

Game seed: 10468220143815756377, levelgen mode: deterministic

590 Glundar the Skirmisher (level 7, -2/62 HPs)
             Began as a Minotaur Fighter on Apr 20, 2020.
             Slain by an ogre
             ... wielding a cursed +0 giant spiked club
              (19 damage)
             ... on level 3 of the Dungeon.
             The game lasted 00:10:34 (3607 turns).

Glundar the Skirmisher (Minotaur Fighter)           Turns: 3607, Time: 00:10:35

Health: -2/62      AC:  8    Str: 23    XL:     7   Next: 15%
Magic:  6/6        EV:  8    Int:  5    God:
Gold:   142        SH: 10    Dex:  9    Spells: 6/6 levels left

rFire    . . .     SeeInvis .   a - +0 war axe
rCold    . . .     Gourm    .   c - +0 kite shield
rNeg     . . .     Faith    .   q - +0 scale mail
rPois    +         Spirit   .   (helmet restricted)
rElec    .         Reflect  .   p - +0 cloak {rPois}
rCorr    .         Harm     .   (no gloves)
MR       .....                  (no boots)
Stlth    ..........             (no amulet)
HPRegen  0.20/turn              (no ring)
MPRegen  0.10/turn              (no ring)

@: mighty
A: retaliatory headbutt, horns 2
a: no special abilities


You were on level 3 of the Dungeon.
You were not hungry.

You visited 1 branch of the dungeon, and saw 3 of its levels.

You collected 142 gold pieces.

Inventory:

Hand Weapons
 a - a +0 war axe (weapon)
 b - a +0 hunting sling
Missiles
 e - 236 stones (quivered)
Armour
 c - a +0 kite shield (worn)
 p - a +0 cloak of poison resistance (worn)
 q - a +0 scale mail (worn)
Jewellery
 n - an uncursed amulet of harm {unknown}
 v - a +2 ring of dexterity
Scrolls
 g - 2 scrolls of fog {unknown}
 h - 4 scrolls of identify {unknown}
 l - 2 scrolls of blinking {unknown}
 o - a scroll of magic mapping {unknown}
 s - a scroll of fear {unknown}
 t - 2 scrolls of remove curse {unknown}
Potions
 i - 2 potions of brilliance {unknown}
 j - a potion of haste {unknown}
 k - 3 potions of curing
 m - a potion of ambrosia {unknown}
 u - a potion of mutation {unknown}
Comestibles
 f - 6 rations
 r - 7 chunks of flesh


   Skills:
 + Level 5.7 Fighting
 + Level 4.9 Axes
 + Level 2.4 Slings
 + Level 5.6 Armour
 + Level 5.6 Shields


You had 6 spell levels left.
You didn't know any spells.
Your spell library was empty.

Dungeon Overview and Level Annotations

Branches:
Dungeon (3/15)

Altars:
Trog


Innate Abilities, Weirdness & Mutations

You reflexively headbutt those who attack you in melee.
You have a pair of horns on your head.


Message History

Items here: $ ))))) [[[ † You slice the gnoll!!
You kill the gnoll!
The gnoll hits you from afar with a +0 halberd of freezing!
The gnoll freezes you.
* * * LOW HITPOINT WARNING * * *
You slash the ogre!
The ogre is moderately wounded.
You block the ogre's attack. The gnoll barely misses you.
The gnoll hits you but does no damage.
You barely miss the ogre. You headbutt the ogre!
The ogre is heavily wounded.
You are no longer glowing.
The gnoll barely misses you. The ogre barely misses you.
The gnoll closely misses you.
You barely miss the ogre. You headbutt the ogre!
The ogre is almost dead.
You block the gnoll's attack. x2
The ogre hits you with a cursed +0 giant spiked club!!
You die...

#.#####.######g..########.#.#.###
#.#####.######g.## ##...## #
#...........##.## ##.## #
#######.###.#...###########.# #
#.# #......#......<.#.# #
#.###.#...##.#####..#.# #
#.....ggg###.#####..#.# #
#####.##g###.##(......# #
#...gO@.........###
####>###.#####.## #.# #.# #.#
##### #.# #.#####.# ##...###.#
#.......# ##.....##.# #########
###.......#.# #.........#.####
#.#............#


You could see an ogre and 4 gnolls.

Vanquished Creatures
  3 gnoll shamans (D:3)
  Crazy Yiuf (D:2)
  Jessica (D:2)
  Natasha (thrice) (D:2)
  An orc wizard (D:3)
  2 adders
  21 gnolls (D:3)
  3 worms
  A dart slug (D:3)
  3 leopard geckos
  5 orcs (D:3)
  2 ball pythons (D:3)
  6 bats
  7 giant cockroaches
  13 goblins
  9 hobgoblins
  18 jackals
  A quokka (D:2)
  3 frilled lizards
  11 kobolds
  7 rats
  2 bushes (D:2)
  2 fungi (D:2)
125 creatures vanquished.

Notes
Turn   | Place    | Note
-------+----------+-------------------------------------------
     0 | D:1      | Glundar the Minotaur Fighter began the quest for the Orb.
     0 | D:1      | Reached XP level 1. HP: 19/19 MP: 0/0
   421 | D:1      | Reached XP level 2. HP: 26/27 MP: 1/1
  1025 | D:2      | Noticed Natasha
  1036 | D:2      | Killed Natasha
  1036 | D:2      | Reached XP level 3. HP: 31/33 MP: 2/2
  1181 | D:2      | You fall into a shaft and drop 1 floor!
  1310 | D:2      | Reached XP level 4. HP: 41/41 MP: 3/3
  1424 | D:2      | Noticed Natasha
  1432 | D:2      | Killed Natasha
  1883 | D:2      | Noticed Natasha
  1884 | D:2      | Noticed Jessica
  1889 | D:2      | Killed Natasha
  1893 | D:2      | Killed Jessica
  1893 | D:2      | Reached XP level 5. HP: 47/47 MP: 4/4
  2384 | D:2      | Found a runed translucent door.
  2385 | D:2      | Noticed Crazy Yiuf
  2391 | D:2      | Killed Crazy Yiuf
  2591 | D:3      | Reached skill level 5 in Armour
  2593 | D:3      | Reached skill level 5 in Fighting
  2596 | D:3      | Reached skill level 5 in Shields
  2727 | D:3      | Found a bloodstained altar of Trog.
  2742 | D:3      | Reached skill level 1 in Slings
  2894 | D:3      | Reached XP level 6. HP: 56/56 MP: 5/5
  3593 | D:3      | Reached XP level 7. HP: 49/61 MP: 6/6
  3607 | D:3      | Slain by an ogre

Levels and vault maps discovered:
D:1:      dpeg_arrival_orchard, layout_basic
D:2:      layout_loops_corners, chequers_serial_rivers_micro_e,
          uniq_crazy_yiuf_cottage, uniq_jessica, uniq_natasha
D:3:      lemuel_castle_with_subvaults [lemuel_castle_interior_carwin_3],
          layout_loops_corners, trog_hazing_becter

Skill      XL: |  1  2  3  4  5  6 |
---------------+-------------------+-----
Armour         | 4 5 |  5.6
Fighting       | 4 5 |  5.7
Shields        | 4 5 |  5.6
Axes           | 3 4 |  4.9
Slings         | 1 2 |  2.4

Action                   |  1- 3 |  4- 6 |  7- 9 || total
-------------------------+-------+-------+-------++-------
Melee: War axe           |   105 |   237 |    12 ||   354
       Headbutt          |    14 |    52 |     4 ||    70
  Use: Potion            |       |       |     1 ||     1
  Eat: Chunk             |     1 |     8 |       ||     9
Armor: Scale mail        |    39 |    94 |     3 ||   136
Dodge: Dodged            |    28 |    58 |     6 ||    92
Block: Kite shield       |    63 |   126 |     9 ||   198

Table legend:
 A = Non-vault XP
 B = Vault XP
 C = Vault XP percentage of total XP
 D = Non-vault monster count
 E = Vault monster count
 F = Vault count percentage of total count
                 A         B        C        D         E       F
            +---------+---------+-------+---------+---------+-------
      Total |     320 |     523 |  62.0 |      78 |      43 |  35.5
            +---------+---------+-------+---------+---------+-------
        D:1 |      36 |       0 |   0.0 |      23 |       0 |   0.0
        D:2 |     118 |     114 |  49.1 |      20 |       3 |  13.0
        D:3 |     166 |     409 |  71.1 |      35 |      40 |  53.3
            +---------+---------+-------+---------+---------+-------
